 Dungeon Crawl Stone Soup version 0.18-a0-1730-g73f0523 (webtiles) character file.

4235 dohliylev the Covert (level 10, 0/67 HPs)
             Began as a Vampire Enchanter on Apr 10, 2016.
             Was a Believer of Dithmenos.
             Killed from afar by an electric eel (7 damage)
             ... with a bolt of electricity
             ... on level 11 of the Dungeon.
             The game lasted 00:47:39 (7548 turns).

dohliylev the Covert (Vampire Enchanter)            Turns: 7548, Time: 00:47:40

Health: 0/67       AC:  5    Str:  7    XL:     10   Next: 9%
Magic:  28/28      EV: 16    Int: 19    God:    Dithmenos [**....]
Gold:   428        SH:  0    Dex: 19    Spells: 4 memorised, 12 levels left

rFire  . . .     SeeInvis +     a - +1 dagger
rCold  + . .     Gourm    .     b - +1 robe
rNeg   + + .     Faith    .     (no shield)
rPois  +         Spirit   .     q - +0 helmet
rElec  .         Dismiss  .     G - +0 cloak
rCorr  .         Reflect  .     (no gloves)
SustAt .         Harm     .     (no boots)
MR     +....                    B - amulet of magic regeneration
Stlth  ++++......               u - ring of magical power
                                y - +2 ring of dexterity

@: regenerating slowly, wreathed by umbra, somewhat resistant to hostile
enchantments, stealthy
A: fangs 3, see invisible, unbreathing
a: Bat Form, Shadow Step, Renounce Religion


You were on level 11 of the Dungeon.
You worshipped Dithmenos.
Dithmenos was pleased with you.
You were very thirsty.

You visited 2 branches of the dungeon, and saw 11 of its levels.

You collected 428 gold pieces.

Inventory:

Hand Weapons
 a - a +1 dagger (weapon)
 g - a +0 blowgun
 j - a +0 dagger of draining
 C - the +1 short sword "Enyvonk" {pain, rC+ MR+}
   (You found it on level 6 of the Dungeon)

   In the hands of one skilled in necromantic magic, it inflicts extra damage on
   living creatures.
   It protects you from cold.
   It affects your resistance to hostile enchantments.
 E - a cursed -2 dagger
Missiles
 n - 7 poisoned needles
Armour
 b - a +1 robe (worn)
 q - a +0 helmet (worn)
 G - a +0 cloak (worn)
Jewellery
 f - an uncursed amulet of regeneration
 m - a +5 ring of protection
 u - a ring of magical power (right hand)
 y - a +2 ring of dexterity (left hand)
 B - an amulet of magic regeneration (around neck)
 D - an uncursed ring of protection from cold
Wands
 v - a wand of acid (8/15)
Scrolls
 e - 2 scrolls of fear
 k - 3 scrolls of magic mapping
 p - 5 scrolls of remove curse
 r - 2 scrolls of enchant armour
 z - a scroll of fog
 A - 2 scrolls of teleportation
Potions
 d - 32 potions of blood
 i - a potion of agility
 l - 2 potions of haste
 o - a potion of brilliance
 s - 4 potions of curing
 t - a potion of might {unknown}
 w - 2 potions of cure mutation {unknown}
 x - 3 potions of resistance {unknown}
Books
 c - a book of Maledictions

   Spells                             Type                      Level
   a - Corona                         Hexes                        1
   b - Ensorcelled Hibernation        Hexes/Ice                    2
   c - Confuse                        Hexes                        3
   d - Tukima's Dance                 Hexes                        3
   e - Dazzling Spray                 Conjuration/Hexes            3
 h - Hued's Almanac of Protection and the Frostbite
   (You acquired it on level 7 of the Dungeon)

   Spells                             Type                      Level
   a - Freeze                         Ice                          1
   b - Swiftness                      Charms/Air                   2
   c - Ozocubu's Armour               Charms/Ice                   3
   d - Regeneration                   Charms/Necromancy            3
   e - Throw Icicle                   Conjuration/Ice              4
 F - a book of Ice

   Spells                             Type                      Level
   a - Ice Form                       Ice/Transmutation            4
   b - Metabolic Englaciation         Hexes/Ice                    5
   c - Ozocubu's Refrigeration        Ice                          6
   d - Bolt of Cold                   Conjuration/Ice              6
   e - Freezing Cloud                 Conjuration/Ice/Air          6
   f - Simulacrum                     Ice/Necromancy               6


   Skills:
 + Level 2.2 Fighting
 + Level 2.9 Short Blades
 + Level 0.8 Throwing
 + Level 5.5 Dodging
 + Level 13.1 Stealth
 + Level 6.1 Spellcasting
 + Level 0.8 Conjurations
 + Level 9.1 Hexes
 + Level 5.2 Ice Magic
 + Level 1.0 Evocations


You had 12 spell levels left.
You knew the following spells:

 Your Spells              Type           Power        Failure   Level  Hunger
a - Corona                Hex            #####..      1%          1    None
b - Ensorcelled Hibernat  Hex/Ice        ####..       1%          2    None
c - Dazzling Spray        Conj/Hex       ###.....     4%          3    ##.....
d - Tukima's Dance        Hex            #####...     1%          3    ##.....


Dungeon Overview and Level Annotations

Branches:
Dungeon (9/15)             Temple (1/1) D:7
   Lair: D:8-11         Orc: D:9-12

Altars:
Ashenzari
Cheibriados
Dithmenos
Elyvilon
Fedhas
Gozag
Kikubaaqudgha
Makhleb
Nemelex Xobeh
Okawaru
Pakellas
Qazlal
Ru
Sif Muna
Trog
Vehumet
Xom
Yredelemnul
Zin
The Shining One

Shops:
D:6 %(:

Annotations:
D:11 Fannar


Innate Abilities, Weirdness & Mutations

You heal slowly.
You have razor-sharp teeth.
You have supernaturally acute eyesight.
You can survive without breathing.


Message History

Aiming: Ensorcelled Hibernation
Press: ? - help, Shift-Dir - straight line, f - electric eel
Aim: an electric eel (chance to defeat MR: 70%)
The electric eel looks drowsy...
The electric eel shoots out a bolt of lightning at you!
The bolt of electricity hits you!
The electric eel shoots out a bolt of lightning at you!
The bolt of electricity hits you!
The electric eel shoots out a bolt of lightning at you!
The bolt of electricity hits you!
The electric eel shoots out a bolt of lightning at you!
The bolt of electricity hits you!
* * * LOW HITPOINT WARNING * * *
The electric eel shoots out a bolt of lightning at you!
The bolt of electricity misses you.
The bolt of electricity hits the plant.
The electric eel shoots out a bolt of lightning at you!
The bolt of electricity hits you!
* * * LOW HITPOINT WARNING * * *
The bolt of electricity hits you!
You die...

..##........#
'###........#
............#
............#
......#######
.....)############
'###.............# .#
#..###...####.#♣♣♣♣
†###..# #...≈≈≈P@P≈≈≈♣♣♣
......# #...≈≈P≈≈≈≈≈≈≈≈♣
.###.## #...≈P≈≈≈≈≈≈≈≈≈♣
...#≈.. ....P≈≈≈P≈P≈≈≈≈P♣
.#.Y≈≈####Y.P≈P≈≈≈≈≈≈≈≈≈P♣
.#≈≈Y≈≈# .....≈PP≈≈≈≈;≈≈≈♣
>≈≈≈≈≈≈≈ ....≈≈≈≈≈≈≈≈≈≈≈≈♣
.#h≈≈≈≈.#....≈≈≈≈≈≈≈≈≈≈≈≈♣
.#.≈hY..#....P≈P≈≈≈≈≈P≈≈♣♣


You could see a yak (wandering) and an electric eel.

Vanquished Creatures
  Pikel (D:5)
  Psyche (D:9)
  3 yaks (D:11)
  2 hippogriffs
  A water moccasin (D:8)
  4 orc warriors
  2 ice beasts (D:7)
  A sky beast (D:5)
  An ogre (D:9)
  2 centaurs
  2 big kobolds (D:8)
  3 giant frogs
  2 scorpions
  5 killer bees
  A howler monkey (D:8)
  A giant frog zombie (D:8)
  3 crimson imps
  2 orc priests (D:7)
  6 hounds
  A centaur skeleton (D:8)
  3 iguanas
  7 orc wizards
  7 worker ants
  A worker ant zombie (D:6)
  A howler monkey skeleton (D:8)
  8 adders
  2 shadow imps (D:6)
  2 worms
  3 dart slugs
  5 giant geckos
  29 orcs
  A ball python (D:2)
  3 giant cockroaches
  12 goblins
  11 hobgoblins
  15 jackals
  2 quokkas
  11 bats
  A giant cockroach zombie (D:5)
  A giant gecko zombie (D:5)
  2 giant newts (D:1)
  A jackal skeleton (D:7)
  20 kobolds
  A quokka skeleton (D:5)
  12 rats
205 creatures vanquished.

Vanquished Creatures (others)
  An adder (D:5)
  A dart slug (D:5)
  A jackal skeleton (D:5)
  A fungus (D:3)
4 creatures vanquished.

Grand Total: 209 creatures vanquished

Notes
Turn   | Place    | Note
--------------------------------------------------------------
     0 | D:1      | dohliylev the Vampire Enchanter began the quest for the Orb.
     0 | D:1      | Reached XP level 1. HP: 13/13 MP: 3/3
    99 | D:1      | Reached XP level 2. HP: 5/19 MP: 0/5
   106 | D:1      | Learned a level 2 spell: Ensorcelled Hibernation
   541 | D:1      | Reached skill level 5 in Stealth
   706 | D:1      | Reached skill level 5 in Hexes
   802 | D:1      | Reached XP level 3. HP: 24/24 MP: 1/6
  1046 | D:2      | Reached skill level 1 in Ice Magic
  1094 | D:2      | Reached XP level 4. HP: 31/31 MP: 7/7
  2120 | D:3      | Reached skill level 6 in Stealth
  2781 | D:4      | Reached XP level 5. HP: 14/36 MP: 3/9
  3222 | D:5      | Entered Level 5 of the Dungeon
  3281 | D:5      | Noticed a slave
  3282 | D:5      | Noticed a slave
  3284 | D:5      | Noticed Pikel
  3285 | D:5      | Noticed a slave
  3286 | D:5      | Noticed a slave
  3327 | D:5      | Killed Pikel
  3327 | D:5      | Reached skill level 1 in Fighting
  3327 | D:5      | Reached skill level 8 in Stealth
  3327 | D:5      | Reached XP level 6. HP: 16/44 MP: 11/11
  3327 | D:5      | Reached XP level 7. HP: 18/49 MP: 12/12
  3705 | D:5      | Found a deep blue altar of Sif Muna.
  3984 | D:5      | Found a burning altar of Makhleb.
  3990 | D:5      | Reached skill level 9 in Stealth
  4144 | D:6      | Found Cimm's Food Boutique.
  4192 | D:6      | Found a bloodstained altar of Trog.
  4194 | D:6      | Found an oddly glowing altar of Pakellas.
  4230 | D:6      | Found Fumye's Weapon Emporium.
  4279 | D:6      | Reached XP level 8. HP: 46/56 MP: 13/14
  4286 | D:6      | Found a shimmering altar of Xom.
  4287 | D:6      | Got a steaming short sword
  4314 | D:6      | Found Xahy's Book Boutique.
  4535 | D:6      | Reached skill level 10 in Stealth
  4840 | D:6      | You fall through a shaft for 2 floors!
  4904 | D:8      | Learned a level 3 spell: Dazzling Spray
  4908 | D:8      | Learned a level 3 spell: Tukima's Dance
  5236 | D:7      | Reached skill level 11 in Stealth
  5259 | D:7      | Reached skill level 1 in Evocations
  5572 | D:7      | Found a staircase to the Ecumenical Temple.
  5578 | Temple   | Entered the Ecumenical Temple
  5612 | Temple   | Became a worshipper of Dithmenos the Shadowed
  5625 | Temple   | Identified the cursed +1 short sword "Enyvonk" {pain, rC+ MR+} (You found it on level 6 of the Dungeon)
  5894 | D:7      | Identified a scroll of acquirement
  5910 | D:7      | Identified Hued's Almanac of Protection and the Frostbite (You acquired it on level 7 of the Dungeon)
  5931 | D:7      | Reached XP level 9. HP: 61/61 MP: 16/16
  6299 | D:8      | Reached skill level 5 in Spellcasting
  6302 | D:8      | Reached * piety under Dithmenos
  6353 | D:8      | Reached skill level 5 in Dodging
  6431 | D:8      | Reached skill level 12 in Stealth
  6705 | D:6      | HP: 3/61 [killer bee (7)]
  7033 | D:8      | Reached ** piety under Dithmenos
  7226 | D:9      | Noticed Psyche
  7247 | D:9      | Killed Psyche
  7247 | D:9      | Reached skill level 5 in Ice Magic
  7268 | D:9      | You fall through a shaft for 2 floors!
  7417 | D:11     | Reached XP level 10. HP: 67/67 MP: 19/19
  7424 | D:11     | Reached skill level 13 in Stealth
  7428 | D:11     | Noticed Fannar
  7548 | D:11     | Killed from afar by an electric eel

Vault maps used:
D:1:      dpeg_arrival_tiny_a, minmay_surrounded
D:3:      first_bread, minmay_gold_behind_fungi
D:5:      makhleb_heckhound_becter, tgw_sif, uniq_pikel
D:6:      minitemple, serial_shops, kennysheep_mini_moat, shop,
          nicolae_shop_trees, tgw_xom
D:7:      minmay_temple_entry_enclosed_plants
D:9:      minmay_lair_entry_lava, uniq_psyche
D:11:     serial_bayou, serial_bayou_pond_e, serial_bayou_pond_a,
          serial_bayou_shore_b, serial_bayou_shore_a, serial_bayou_pond_a,
          serial_bayou_lake_a, uniq_fannar
Temple:   nicolae_temple_elliptical

Skill      XL: |  1  2  3  4  5  6  7  8  9 10 |
---------------+-------------------------------+-----
Stealth        | 5 6 8 9 11 12 13 | 13.1
Hexes          | 5 6 7 9 |  9.1
Ice Magic      | 1 2 4 5 |  5.2
Dodging        | 3 4 5 |  5.5
Fighting       | 1 2 |  2.2
Short Blades   | 2 |  2.9
Spellcasting   | 3 4 6 |  6.1
Evocations     | 1 |  1.0
Throwing       | |  0.8
Conjurations   | |  0.8

Action                   |  1- 3 |  4- 6 |  7- 9 | 10-12 || total
-------------------------+-------+-------+-------+-------++-------
Melee: Dagger            |    79 |   120 |   237 |     8 ||   444
 Fire: Blowgun           |       |       |     5 |       ||     5
 Cast: Corona            |     6 |       |     1 |       ||     7
       Ensorcelled Hiber |    15 |    31 |   116 |     8 ||   170
       Dazzling Spray    |       |       |    26 |     2 ||    28
 Abil: End Transformatio |       |       |     3 |     1 ||     4
       Bat Form          |       |       |     3 |     1 ||     4
Evoke: Wand              |       |       |    12 |       ||    12
  Use: Scroll            |       |       |    15 |       ||    15
       Potion            |       |       |     6 |       ||     6
 Stab: Sleeping          |    24 |    33 |    86 |     3 ||   146
       Invisible         |       |       |     3 |     1 ||     4
  Eat: Corpse            |       |       |     1 |       ||     1
